 Dungeon Crawl Stone Soup version 0.19-a0-1888-g6ba2374 (webtiles) character file.

1778 Naow the Cleaver (level 9, -5/64 HPs)
             Began as a Formicid Fighter on Oct 17, 2016.
             Slain by a gnoll
             ... wielding a +2 halberd of electrocution
              (13 damage)
             ... in a bailey.
             The game lasted 00:10:30 (6272 turns).

Naow the Cleaver (Formicid Fighter)                 Turns: 6272, Time: 00:10:31

Health: -5/64      AC:  9    Str: 28    XL:     9   Next: 29%
Magic:  0/9        EV: 10    Int:  9    God:
Gold:   366        SH: 12    Dex: 13    Spells: 0 memorised, 8 levels left

rFire  . . .     SeeInvis +     M - +0 hand axe of Huishe {vamp, rN+ MR++} (curse)
rCold  . . .     Gourm    .     b - +0 scale mail
rNeg   + . .     Faith    .     c - +0 shield
rPois  .         Spirit   +     (helmet unavailable)
rElec  .         Dismiss  .     C - +0 cloak
rCorr  .         Reflect  .     G - +0 pair of gloves
MR     ++...     Harm     .     (no boots)
Stlth  ..........               n - amulet of guardian spirit
                                y - +3 ring of dexterity
                                E - ring of loudness (curse)

@: mighty
A: permanent stasis, dig shafts and tunnels, four strong arms, antennae 3
a: Dig, Shaft Self


You were in a bailey.
You were not hungry.

You visited 1 branch of the dungeon, and saw 7 of its levels.
You also visited: Sewer and Bailey.

You collected 366 gold pieces.

Inventory:

Hand Weapons
 a - a +0 war axe
 t - a +2 hand axe of electrocution
 M - the cursed +0 hand axe of Huishe (weapon) {vamp, rN+ MR++}
   (You found it on level 7 of the Dungeon)

   It inflicts no extra harm, but heals its wielder when it wounds a living foe.
   It protects you from negative energy.
   It affects your resistance to hostile enchantments.
   It has a curse placed upon it.
Armour
 b - a +0 scale mail (worn)
 c - a +0 shield (worn)
 C - a +0 cloak (worn)
 G - a +0 pair of gloves (worn)
Jewellery
 h - an uncursed ring of flight
 n - an amulet of guardian spirit (around neck)
 y - a +3 ring of dexterity (right hand)
 E - a cursed ring of loudness (left hand)
 L - a +3 ring of intelligence {unknown}
Wands
 z - a wand of iceblast (7/15)
 I - a wand of confusion (30/48)
Scrolls
 e - 6 scrolls of identify {unknown}
 i - 8 scrolls of remove curse {unknown}
 j - 6 scrolls of magic mapping {unknown}
 l - 2 scrolls of recharging {unknown}
 m - a scroll of random uselessness {unknown}
 p - 2 scrolls of enchant armour {unknown}
 v - a scroll of fear {unknown}
 w - 4 scrolls of teleportation {unknown}
 x - 3 scrolls of blinking {unknown}
 A - 2 scrolls of enchant weapon {unknown}
 J - a scroll of noise {unknown}
Potions
 d - a potion of might
 o - 7 potions of curing {unknown}
 q - a potion of brilliance {unknown}
 s - a potion of cancellation {unknown}
 D - a potion of flight {unknown}
 F - 2 potions of resistance {unknown}
Books
 B - a book of Flames

   Spells                             Type                      Level
   a - Flame Tongue                   Conjuration/Fire             1
   b - Throw Flame                    Conjuration/Fire             2
   c - Conjure Flame                  Conjuration/Fire             3
   d - Inner Flame                    Hexes/Fire                   3
   e - Sticky Flame                   Conjuration/Fire             4
   f - Fireball                       Conjuration/Fire             5
Comestibles
 f - 5 bread rations
 g - a beef jerky
 k - 4 meat rations
 r - 7 fruits
 u - a slice of pizza
 H - 9 chunks of flesh


   Skills:
 - Level 3.2 Fighting
 - Level 9.3 Axes
 - Level 3.2 Armour
 + Level 9.0 Shields


You had 8 spell levels left.
You didn't know any spells.

Dungeon Overview and Level Annotations

Branches:
Dungeon (7/15)
 Temple: D:4-7

Altars:
Cheibriados
Makhleb
Qazlal
Uskayaw
Vehumet
Xom
Yredelemnul
Zin
The Shining One

Annotations:
D:6 1 runed door


Innate Abilities, Weirdness & Mutations

You are under a permanent stasis effect.
You can dig through walls and to a lower floor.
Your four strong arms can wield two-handed weapons with a shield.
You have a pair of large antennae on your head. (SInv)


Message History

You block the hobgoblin's attack.
You are too injured to fight recklessly!
You are too injured to fight recklessly!
Unknown command.
You barely miss the gnoll. You barely miss the hobgoblin. You hit the gnoll.
You feel better. The hobgoblin hits you.
* * * LOW HITPOINT WARNING * * *
The gnoll hits you with a halberd of electrocution.
* * * LOW HITPOINT WARNING * * *
You block the gnoll's attack.
You closely miss the gnoll. You slash the hobgoblin!
You feel better.
You kill the hobgoblin!
You hit the gnoll but do no damage.
The gnoll hits you from afar with a halberd of electrocution.
* * * LOW HITPOINT WARNING * * *
You feel very mighty all of a sudden.
The gnoll hits you with a halberd of electrocution!
* * * LOW HITPOINT WARNING * * *
You are electrocuted!
You die...

#g#{ #' ## ### ###
### #.# #. #
#)###.###.# #'##'##'
#'##'##'## #.....#
##...(.##
###.....#####..(.(###
#.'..g..' #.(..∩.((.#
#...(g# ###....(###
#...g@## ##...(.##
#'##'##(###'##(##'##
# ##(()###.###∩#
##### ### ###


You could see 3 gnolls.

Vanquished Creatures
  Grinder (D:5)
  An orc warrior (D:6)
  3 ogres
  4 bullfrogs
  A scorpion (D:6)
  2 howler monkeys
  5 crimson imps
  2 hounds
  A centaur skeleton (D:7)
  2 orc wizards (D:6)
  2 orc priests (D:3)
  5 worker ants
  3 gnolls (Bailey)
  18 adders
  A shadow imp (D:4)
  2 oozes
  4 worms
  4 dart slugs
  6 leopard geckos
  9 orcs
  8 ball pythons
  4 bats
  4 giant cockroaches
  6 goblins
  14 hobgoblins
  19 jackals
  22 kobolds
  3 quokkas
  6 frilled lizards
  A jackal skeleton (D:5)
  A jackal zombie (D:6)
  A quokka skeleton (D:6)
  9 rats
  4 plants (Sewer)
178 creatures vanquished.

Notes
Turn   | Place    | Note
-------+----------+-------------------------------------------
     0 | D:1      | Naow the Formicid Fighter began the quest for the Orb.
     0 | D:1      | Reached XP level 1. HP: 18/18 MP: 1/1
    41 | D:1      | Reached XP level 2. HP: 15/24 MP: 2/2
   161 | D:1      | Reached XP level 3. HP: 21/29 MP: 3/3
  1130 | D:2      | Reached XP level 4. HP: 27/35 MP: 4/4
  1910 | D:3      | Reached XP level 5. HP: 33/41 MP: 2/5
  1976 | D:3      | Reached skill level 5 in Axes
  2046 | D:3      | Found a glowing drain.
  2121 | Sewer    | Entered a sewer
  3018 | D:3      | Reached XP level 6. HP: 45/47 MP: 6/6
  3023 | D:3      | Found a shimmering altar of Xom.
  3324 | D:3      | Reached XP level 7. HP: 52/52 MP: 7/7
  3396 | D:3      | Found a radiant altar of Vehumet.
  3554 | D:3      | Found a stormy altar of Qazlal.
  3554 | D:3      | Found a faded altar of an unknown god.
  3559 | D:3      | Found a snail-covered altar of Cheibriados.
  3561 | D:3      | Found a glowing golden altar of the Shining One.
  3563 | D:3      | Found a hide-covered altar of Uskayaw.
  4280 | D:5      | Entered Level 5 of the Dungeon
  4453 | D:5      | Noticed Grinder
  4465 | D:5      | Killed Grinder
  4465 | D:5      | Reached XP level 8. HP: 18/58 MP: 3/8
  4911 | D:6      | Found a burning altar of Makhleb.
  5013 | D:6      | Reached skill level 5 in Shields
  5405 | D:6      | Reached XP level 9. HP: 56/64 MP: 9/9
  5433 | D:6      | Found a runed door.
  5437 | D:6      | Found a basalt altar of Yredelemnul.
  5820 | D:6      | Found a glowing silver altar of Zin.
  5820 | D:6      | Noticed an angel
  5821 | D:6      | Noticed a cacodemon
  6065 | D:7      | Found a flagged portal.
  6089 | D:7      | Got a translucent hand axe
  6096 | D:7      | Identified the cursed +0 hand axe of Huishe {vamp, rN+ MR++} (You found it on level 7 of the Dungeon)
  6099 | Bailey   | Entered a bailey
  6272 | Bailey   | Slain by a gnoll

Vault maps used:
D:1:      tarquinn_simple_flora_water_f
D:3:      led_xom_imps, vehumet_crystals, chequers_temple_overflow_minitemple,
          portal_sewer_entry_b, fountainhead
D:4:      first_bread
D:5:      guppyfry_early_lair_pool, uniq_grinder
D:6:      grunt_temple_overflow_order_and_chaos_2, grunt_decor_one_mirror,
          dk_yredelemnul_ordeal
D:7:      enter_bailey_2
Sewer:    sewer_co_scattered_pipes
Bailey:   bailey_axe_2, bailey

Skill      XL: |  1  2  3  4  5  6  7  8  9 |
---------------+----------------------------+-----
Axes           | 3 4 5 6 9 |  9.3
Shields        | 6 9 |  9.0
Fighting       | |  3.2
Armour         | |  3.2

Action                   |  1- 3 |  4- 6 |  7- 9 || total
-------------------------+-------+-------+-------++-------
Melee: War axe           |    93 |    18 |       ||   111
       Hand axe          |       |   235 |   241 ||   476
  Use: Potion            |       |       |     1 ||     1
  Eat: Chunk             |       |     9 |     8 ||    17
       Fruit             |       |       |     4 ||     4
       Royal jelly       |       |       |     1 ||     1
Armor: Scale mail        |    39 |    85 |    51 ||   175
Dodge: Dodged            |    20 |    46 |    62 ||   128
Block: Shield            |    54 |    98 |    98 ||   250
